 Dungeon Crawl Stone Soup version 0.17-a0-1741-gd5e8965 (webtiles) character file.

3380 kosy22 the Covered (level 9, -14/75 HPs)
             Began as a Demigod Fighter on Aug 31, 2015.
             Demolished by kroki's ghost (17 damage)
             ... on level 9 of the Dungeon.
             The game lasted 00:46:32 (10957 turns).

kosy22 the Covered (Demigod Fighter)               Turns: 10957, Time: 00:46:32

Health: -14/75     AC: 17    Str: 25    XL:     9   Next: 46%
Magic:  11/11      EV:  8    Int: 12    God:
Gold:   393        SH: 11    Dex: 15    Spells: 0 memorised, 8 levels left

rFire  . . .     SeeInvis +     g - +3 hand axe (chop)
rCold  . . .     Clarity  .     o - +1 chain mail
rNeg   . . .     SustAt   +     c - +0 shield
rPois  .         Gourm    .     d - +0 helmet
rElec  .         Spirit   .     H - +0 cloak
rCorr  .         Warding  .     (no gloves)
rMut   .         Stasis   .     z - +0 pair of boots
MR     .....                    (no amulet)
Stlth  ..........               k - ring of Demeed {+Fly SInv}
                                e - ring of flight

@: not resistant to hostile enchantments, extremely unstealthy
A: hooves 1, slimy green scales 1, high mp 1, no device heal 1, sustain
attributes
a: Evoke Flight


You were on level 9 of the Dungeon.
You were full.

You visited 1 branch of the dungeon, and saw 9 of its levels.
You also visited: Ossuary.

You collected 393 gold pieces.

Inventory:

Hand weapons
 a - a +0 rapier
 g - a +3 hand axe of chopping (weapon)
 r - a +0 quarterstaff
 v - a +0 mace
 A - a +0 long sword
 D - a +0 quarterstaff of draining
 E - a +0 whip
 L - a +0 shortbow
Missiles
 f - a throwing net (quivered)
 i - 7 arrows of frost
 u - 45 poisoned needles
Armour
 b - a +0 scale mail
 c - a +0 shield (worn)
 d - a +0 helmet (worn)
 o - a +1 chain mail (worn)
 z - a +0 pair of boots (worn)
 H - a +0 cloak (worn)
Jewellery
 e - a ring of flight (left hand)
 k - the ring of Demeed (right hand) {+Fly SInv}
   (You found it on level 6 of the Dungeon)

   [ring of flight]

   It lets you see invisible.
   It lets you fly.
 K - an uncursed ring of protection from fire
Magical devices
 p - a wand of random effects (16)
 t - a wand of teleportation (4)
 y - a wand of polymorph (3)
 B - a wand of flame (23)
Scrolls
 j - 4 scrolls of remove curse
 l - a scroll of recharging
 m - a scroll of teleportation
 s - 2 scrolls of magic mapping
Potions
 C - 3 potions of curing
Books
 x - a book of Cantrips

   Spells                             Type                      Level
   a - Corona                         Hexes                        1
   b - Animate Skeleton               Necromancy                   1
   c - Summon Small Mammal            Summoning                    1
   d - Apportation                    Translocation                1
 F - a Young Poisoner's Handbook

   Spells                             Type                      Level
   a - Sting                          Conjuration/Poison           1
   b - Cure Poison                    Poison                       2
   c - Mephitic Cloud                 Conjuration/Poison/Air       3
   d - Olgreb's Toxic Radiance        Poison                       4
   e - Venom Bolt                     Conjuration/Poison           5
 G - a Necronomicon

   Spells                             Type                      Level
   a - Haunt                          Necromancy/Summoning         7
   b - Borgnjor's Revivification      Necromancy                   8
   c - Death's Door                   Charms/Necromancy            8
   d - Necromutation                  Transmutation/Necromancy     8
 I - a book of Conjurations

   Spells                             Type                      Level
   a - Magic Dart                     Conjuration                  1
   b - Searing Ray                    Conjuration                  2
   c - Dazzling Spray                 Conjuration/Hexes            3
   d - Fulminant Prism                Conjuration/Hexes            4
   e - Iskenderun's Mystic Blast      Conjuration                  4
   f - Iskenderun's Battlesphere      Conjuration/Charms           5
 J - a book of Enchantments

   Spells                             Type                      Level
   a - Cause Fear                     Hexes                        4
   b - Silence                        Hexes/Air                    5
   c - Deflect Missiles               Charms/Air                   6
   d - Haste                          Charms                       6
   e - Discord                        Hexes                        8
Comestibles
 h - 2 meat rations
 n - 2 slices of pizza
 q - 3 bread rations
 w - 7 fruits


   Skills:
 + Level 6.1 Fighting
 + Level 5.6 Short Blades
 - Level 2.2 Axes
 + Level 7.1 Armour
 - Level 2.6 Dodging
 - Level 0.4 Stealth
 + Level 7.0 Shields


You had 8 spell levels left.
You didn't know any spells.

Dungeon Overview and Level Annotations

Branches:
Dungeon (9/15)             Temple (0/1) D:4
   Lair: D:8-11         Orc: D:9-12

Annotations:
D:9 kroki's ghost, experienced CeBe


Innate Abilities, Weirdness & Mutations

You have an increased reservoir of magic (+10% MP).
Your attributes are resistant to harm.
You have large cloven feet.
You are partially covered in slimy green scales (AC +2).
Potions and wands are less effective at restoring your health.


Message History

You hit kroki's ghost but do no damage.
Kroki's ghost is lightly damaged.
You block kroki's ghost's attack. Kroki's ghost hits you!
* * * LOW HITPOINT WARNING * * *
You closely miss kroki's ghost.
Kroki's ghost is lightly damaged.
Kroki's ghost hits you!
* * * LOW HITPOINT WARNING * * *
You closely miss kroki's ghost.
Kroki's ghost is lightly damaged.
Kroki's ghost hits you!
* * * LOW HITPOINT WARNING * * *
You hit kroki's ghost.
Kroki's ghost is moderately damaged.
Kroki's ghost completely misses you.
The jelly jiggles.
You hit kroki's ghost but do no damage.
Kroki's ghost is lightly damaged.
Kroki's ghost hits you!
You die...

,,,,,,,* *,* *,* *,* ******,*
*,* *,* *,* *,***,***####*,*
*,******
*,,,,,,,,....,,****,,,,,,*
*****,****.y.,,,,,,,****,* *,*
*yy#******** *,* *,* *#J# *,*
*,* ##W## *,* *,* ##.@$## *,*
*,###.....## *.#**
*,#......(.# *.#*.
*,#.#.....#########*.##.
*******,#,##............##....
*,,,,,,,*,*##.#.............#,
*,*******,* ###.#######.##.##,
*,* *,* **#.### #.#...## *,*
*,* *,....# #.......


You could see a jelly, 3 killer bees and kroki's ghost.

Vanquished Creatures
  Prince Ribbit (D:5)
  A wyvern (D:7)
  An ice beast (D:8)
  4 phantoms
  An orc warrior (D:6)
  2 black bears
  4 centaurs
  3 ogres
  2 big kobolds
  A giant frog (D:7)
  2 scorpions
  A water moccasin skeleton (D:7)
  3 crimson imps
  2 giant frog skeletons
  A gnoll shaman (D:5)
  A jelly (D:8)
  4 hounds
  8 orc priests
  8 orc wizards
  6 worker ants
  An iguana (D:7)
  Jessica (D:3)
  2 hound zombies (D:7)
  A worker ant zombie (D:8)
  15 adders
  6 gnolls (D:5)
  A shadow imp (D:8)
  2 oozes
  2 adder skeletons
  2 adder zombies
  2 worms
  8 giant geckos
  21 orcs
  9 bats
  6 giant cockroaches
  8 hobgoblins
  9 jackals
  18 kobolds
  6 quokkas
  3 ball pythons
  5 giant newts
  6 goblins
  2 jackal skeletons
  2 quokka skeletons (D:4)
  10 rats
  2 bushes (D:1)
206 creatures vanquished.

Vanquished Creatures (others)
  An orc (D:8)
1 creature vanquished.

Grand Total: 207 creatures vanquished

Notes
Turn   | Place    | Note
--------------------------------------------------------------
     0 | D:1      | kosy22 the Demigod Fighter began the quest for the Orb.
     0 | D:1      | Reached XP level 1. HP: 18/18 MP: 3/3
   373 | D:1      | Reached XP level 2. HP: 19/25 MP: 4/4
   528 | D:1      | Reached skill level 3 in Shields
  1244 | D:2      | Reached XP level 3. HP: 30/30 MP: 5/5
  1414 | D:2      | Reached skill level 1 in Dodging
  2084 | D:3      | Reached XP level 4. HP: 34/38 MP: 6/6
  2165 | D:3      | Noticed Jessica
  2172 | D:3      | Killed Jessica
  2302 | D:3      | Reached skill level 1 in Axes
  2311 | D:3      | Reached skill level 4 in Shields
  2385 | D:3      | Reached XP level 5. HP: 42/45 MP: 7/7
  3356 | D:4      | Found a sacrificial altar of Ru.
  3356 | D:4      | Found a sparkling altar of Nemelex Xobeh.
  3462 | D:4      | Found a staircase to the Ecumenical Temple.
  3709 | D:4      | Found a blossoming altar of Fedhas.
  3797 | D:4      | Found a shimmering altar of Xom.
  3797 | D:4      | Found an opulent altar of Gozag.
  4139 | D:4      | Reached XP level 6. HP: 49/51 MP: 8/8
  4332 | D:4      | Found a shadowy altar of Dithmenos.
  4771 | D:5      | Entered Level 5 of the Dungeon
  4875 | D:5      | Noticed Prince Ribbit
  4891 | D:5      | Gained mutation: You have large cloven feet. [potion of mutation]
  4891 | D:5      | Gained mutation: You are partially covered in slimy green scales (AC +2). [potion of mutation]
  4891 | D:5      | Gained mutation: Potions and wands are less effective at restoring your health. [potion of mutation]
  5124 | D:5      | Killed Prince Ribbit
  5365 | D:5      | Reached skill level 5 in Shields
  5365 | D:5      | Reached XP level 7. HP: 39/57 MP: 9/9
  5941 | D:5      | Reached skill level 5 in Armour
  6220 | D:6      | Found a white marble altar of Elyvilon.
  6845 | D:6      | Reached XP level 8. HP: 61/67 MP: 10/10
  7137 | D:6      | Got a clouded lapis lazuli ring
  7140 | D:6      | Identified the ring of Demeed {+Fly SInv} (You found it on level 6 of the Dungeon)
  7725 | D:7      | Reached skill level 6 in Armour
  7860 | D:7      | Found a radiant altar of Vehumet.
  7983 | D:7      | Reached skill level 5 in Fighting
  8924 | D:8      | Reached XP level 9. HP: 67/74 MP: 11/11
  9084 | D:8      | Found a sand-covered staircase.
  9105 | Ossuary  | Entered an ossuary
  9297 | D:8      | Found a basalt altar of Yredelemnul.
  9456 | D:8      | Reached skill level 5 in Short Blades
 10410 | D:8      | Reached skill level 7 in Shields
 10940 | D:9      | Noticed kroki's ghost (experienced CeBe)
 10955 | D:9      | HP: 2/75 [kroki's ghost (10)]
 10957 | D:9      | Demolished by kroki's ghost

Vault maps used:
D:1:      dpeg_arrival_pits, serial_park_tiny_2, minmay_misc_feat_room
D:3:      uniq_jessica
D:4:      lemuel_coloured_pillars_altar, minitemple,
          gammafunk_temple_overflow_wave, minmay_temple_entry_grid
D:5:      wad_pebble_path, first_bread, uniq_prince_ribbit1
D:6:      lemuel_crystal_altar, minmay_misc_feat_four_crosses
D:7:      vehumet_altar_wand_db
D:8:      overflow_temple_1_default, nicolae_ossuary_entry_ruins
D:9:      kennysheep_mini, bloody_trog, uniq_maurice, uniq_grum
Ossuary:  ossuary_tomb_1

Action                   |  1- 3 |  4- 6 |  7- 9 || total
-------------------------+-------+-------+-------++-------
Melee: Rapier            |    25 |       |       ||    25
       Hand axe          |   241 |   212 |   437 ||   890
Throw: Throwing net      |       |       |     7 ||     7
  Use: Potion            |     1 |    11 |     2 ||    14
       Scroll            |       |     7 |    12 ||    19
 Stab: Invisible         |       |       |     1 ||     1
       Held in net/web   |       |       |     1 ||     1
  Eat: Bread ration      |     1 |     1 |     3 ||     5
       Chunk             |       |     2 |     2 ||     4
       Meat ration       |       |     1 |     2 ||     3
